 Dungeon Crawl Stone Soup version 0.25-a0-62-g88673ef095 (webtiles) character file.

Game seed: 16847128085534779989, levelgen mode: deterministic

46 BryzzWind the Insei (level 3, 0/29 HPs)
             Began as a Draconian Transmuter on Oct 30, 2019.
             Slain by a frilled lizard (2 damage)
             ... on level 2 of the Dungeon.
             The game lasted 00:02:17 (884 turns).

BryzzWind the Insei (Draconian Transmuter)           Turns: 884, Time: 00:02:18

Health: 0/29       AC:  6    Str: 17    XL:     3   Next: 46%
Magic:  6/6        EV: 12    Int: 13    God:
Gold:   41         SH:  0    Dex: 12    Spells: 5/6 levels left

rFire    . . .     SeeInvis .     - Unarmed
rCold    . . .     Gourm    .   (no shield)
rNeg     . . .     Faith    .   (armour unavailable)
rPois    .         Spirit   .   (helmet restricted)
rElec    .         Reflect  .   (no cloak)
rCorr    .         Harm     .   h - +0 pair of gloves
MR       .....                  (no boots)
Stlth    +.........             (no amulet)
HPRegen  0.09/turn              (no ring)
MPRegen  0.10/turn              (no ring)

@: mighty, lethally poisoned (0 -> -4)
A: unfitting armour, cold-blooded, AC +5
a: no special abilities


You were on level 2 of the Dungeon.
You were not hungry.

You visited 1 branch of the dungeon, and saw 2 of its levels.

You collected 41 gold pieces.

Inventory:

Hand Weapons
 k - a +2 dagger of holy wrath
Missiles
 a - 12 arrows
 i - 3 javelins (quivered)
Armour
 h - a +0 pair of gloves (worn)
Scrolls
 b - a scroll of identify {unknown}
 e - a scroll of fear {unknown}
 f - a scroll of enchant armour {unknown}
 l - a scroll of teleportation {unknown}
 m - a scroll of remove curse {unknown}
Potions
 d - a potion of lignification
Comestibles
 c - 3 rations


   Skills:
 + Level 1.7 Fighting
 + Level 2.1 Dodging
 * Level 3.6 Unarmed Combat
 + Level 2.2 Spellcasting
 + Level 2.4 Transmutations


You had 5 spell levels left.
You knew the following spells:

 Your Spells              Type           Power        Failure   Level  Hunger
a - Beastly Appendage     Tmut           #.....       9%          1    ##.....

Your spell library contained the following spells:

 Spells                   Type           Power        Failure   Level  Hunger
 Sticks to Snakes         Tmut           #.......     14%         2    ###....
 Spider Form              Tmut/Pois      #.........   41%         3    ####...
 Ice Form                 Ice/Tmut       #.......     83%         4    #####..
 Blade Hands              Tmut           #.........   94%         5    ######.


Dungeon Overview and Level Annotations

Branches:
Dungeon (2/15)

Altars:


Innate Abilities, Weirdness & Mutations

Your plain brown scales are hard. (AC +5)
You cannot fit into any form of body armour.
You are cold-blooded and may be slowed by cold attacks.


Message History

You feel sick. The bat hits you but does no damage.
The hobgoblin hits you but does no damage.
The adder completely misses you.
The frilled lizard bites you but does no damage.
It was a potion of might.
You feel very mighty all of a sudden. The bat misses you. The bat hits you.
* * * LOW HITPOINT WARNING * * *
The adder bites you but does no damage. The hobgoblin closely misses you.
The frilled lizard bites you.
* * * LOW HITPOINT WARNING * * *
The adder misses you.
* * * LOW HITPOINT WARNING * * *
You feel sick. The bat closely misses you.
The frilled lizard bites you but does no damage.
* * * LOW HITPOINT WARNING * * *
You feel sick. The adder bites you but does no damage.
The bat hits you but does no damage. The adder closely misses you.
The bat hits you but does no damage. The frilled lizard bites you.
You die...

#...#........#
#.#..........## #
####.#)..........#.#
#.........†).....#.#..
###..................#..
#..........(............
#.................#........
#>................#.##.....
#..........#....@....(...>.
########........bl###......
#....#.#.gS..#......
#.........K.....#...
#..#..............#
#.................#
#...................
##..................
##..<..............


You could see an adder, a hobgoblin, a bat, a kobold and a frilled lizard.

Vanquished Creatures
  2 adders (D:2)
  5 bats
  2 giant cockroaches (D:1)
  2 goblins
  7 hobgoblins
  5 kobolds
  3 rats
26 creatures vanquished.

Notes
Turn   | Place    | Note
-------+----------+-------------------------------------------
     0 | D:1      | BryzzWind the Draconian Transmuter began the quest for the
                  | Orb.
     0 | D:1      | Reached XP level 1. HP: 16/16 MP: 3/3
   188 | D:1      | Reached XP level 2. HP: 19/23 MP: 3/5
   725 | D:2      | Reached XP level 3. HP: 17/28 MP: 4/6
   884 | D:2      | Slain by a frilled lizard

Levels and vault maps discovered:
D:1:      dpeg_arrival_houses_and_road, layout_loops_ring, minmay_fountain_box,
          minivault_11, minmay_domino_2
D:2:      layout_rooms, lemuel_crystal_altar

Skill      XL: |  1  2 |
---------------+-------+-----
Dodging        | 2 |  2.1
Fighting       | |  1.7
Unarmed Combat | |  3.6
Spellcasting   | |  2.2
Transmutations | |  2.4

Action                   || total
-------------------------++-------
Melee: Unarmed           ||    99
       Tailslap          ||     9
       Kick              ||     7
       Headbutt          ||     4
 Cast: Beastly Appendage ||    16
  Use: Potion            ||     3
Armor: Skin              ||    48
Dodge: Dodged            ||    99

Table legend:
 A = Non-vault XP
 B = Vault XP
 C = Vault XP percentage of total XP
 D = Non-vault monster count
 E = Vault monster count
 F = Vault count percentage of total count
                 A         B        C        D         E       F
            +---------+---------+-------+---------+---------+-------
      Total |      65 |       2 |   3.0 |      25 |       1 |   3.8
            +---------+---------+-------+---------+---------+-------
        D:1 |      25 |       2 |   7.4 |      15 |       1 |   6.2
        D:2 |      40 |       0 |   0.0 |      10 |       0 |   0.0
            +---------+---------+-------+---------+---------+-------
